Anaheim Ducks vs San Jose Sharks
Created - Tuesday, May 23, 2023 at 08:36
Goals
|
| Anaheim Ducks |
0 |
0 |
3 |
3 |
| San Jose Sharks |
2 |
0 |
3 |
5 |
|
Shots
|
| Anaheim Ducks |
7 |
14 |
11 |
32 |
| San Jose Sharks |
8 |
7 |
13 |
28 |
|
1st period
1. San Jose Sharks , Mike Hoffman 15 (Joel Edmundson 9) at 13:36
2. San Jose Sharks , Ryan Strome 8 (Nick Paul 19, Jakob Silfverberg 24) at 14:36
Penalties :
Joel Edmundson (SJS) for Hooking (Minor) at 3:19, J.T. Compher (ANA) for Hooking (Minor) at 10:51, Teuvo Teravainen (ANA) for Holding (Minor) at 14:58
2nd period
No Goal
Penalties :
Alex Killorn (ANA) for Boarding (Minor) at 15:21, Ryan Strome (SJS) for Slashing (Minor) at 18:35
3rd period
3. Anaheim Ducks , Calle Jarnkrok 9 (Mason Marchment 10, Radek Faksa 8) at 1:13
4. San Jose Sharks , William Karlsson 25 (Derek Forbort 23, Marc-Andre Fleury) at 4:49 (PP)
5. Anaheim Ducks , Nazem Kadri 30 (William Nylander 37) at 13:59 (PP)
6. San Jose Sharks , Jakob Silfverberg 19 (Nick Paul 20, Ryan Strome 13) at 14:36
7. Anaheim Ducks , Mark Scheifele 14 (Nazem Kadri 47, Josh Morrissey 21) at 16:08
8. San Jose Sharks , Ryan Strome 9 (Jakob Silfverberg 25, Nick Paul 21) at 17:52 (PP)
Penalties :
Josh Morrissey (ANA) for Roughing (Minor) at 4:19, Anthony DeAngelo (SJS) for Roughing (Minor) at 13:53, Nazem Kadri (ANA) for Hooking (Minor) at 16:27
Goalie Stats
Linus Ullmark (ANA), 23 saves from 28 shots - (0.821), L, 19-13-6, 60:00 minutes
Marc-Andre Fleury (SJS), 29 saves from 32 shots - (0.906), W, 16-17-1, 60:00 minutes
Players Stats for Anaheim Ducks
Player Name G A P +/- PIM S H SB GA TA FO MP PP MP PK MP
------------------------------------------------------------------------------------
Alex Killorn 0 0 0 -1 2 3 3 0 1 0 0/1 16:11 0:44 3:20
Brayden Schenn 0 0 0 -1 0 0 2 0 1 0 0/0 19:18 1:49 2:16
Brenden Dillon 0 0 0 -1 0 0 0 2 0 0 0/0 10:10 0:00 0:00
Calle Jarnkrok 1 0 1 1 0 1 0 0 0 1 0/0 6:15 0:44 0:15
Chandler Stephenson 0 0 0 -1 0 2 0 0 0 0 8/15 15:26 0:13 4:22
Esa Lindell 0 0 0 0 0 0 1 3 0 1 0/0 23:11 1:28 4:16
Ivan Provorov 0 0 0 0 0 3 0 1 0 2 0/0 29:44 2:44 4:16
J.T. Compher 0 0 0 -1 2 0 0 0 0 0 0/0 14:25 0:49 2:11
Jakob Chychrun 0 0 0 0 0 0 1 1 0 0 0/0 20:14 1:28 3:36
John Tavares 0 0 0 -1 0 4 1 0 0 0 12/26 17:40 1:49 1:18
Josh Manson 0 0 0 0 0 0 2 0 0 2 0/0 14:05 0:00 3:36
Josh Morrissey 0 1 1 -1 2 1 1 2 1 1 0/0 22:43 2:36 0:00
Mark Scheifele 1 0 1 0 0 4 1 1 0 0 0/0 18:03 1:18 0:00
Mason Marchment 0 1 1 1 0 1 0 0 0 0 0/0 5:35 0:13 0:00
Nazem Kadri 1 1 2 0 2 5 0 0 2 0 10/13 18:19 1:18 0:17
Radek Faksa 0 1 1 1 0 3 1 1 0 0 1/3 7:07 0:00 1:45
Teuvo Teravainen 0 0 0 -1 2 2 0 0 2 0 0/2 15:34 1:49 0:00
William Nylander 0 1 1 0 0 3 0 1 1 0 2/3 18:03 1:18 0:00
Players Stats for San Jose Sharks
Player Name G A P +/- PIM S H SB GA TA FO MP PP MP PK MP
------------------------------------------------------------------------------------
Anthony DeAngelo 0 0 0 1 2 2 0 0 2 0 0/0 23:02 4:03 1:31
David Savard 0 0 0 -1 0 3 3 4 0 2 0/0 25:36 3:49 1:55
Derek Forbort 0 1 1 0 0 1 0 4 1 1 0/0 23:52 3:49 1:57
Henri Jokiharju 0 0 0 0 0 0 1 1 0 2 0/0 14:19 0:00 1:11
Jacob Middleton 0 0 0 1 0 0 2 4 0 1 0/0 11:59 0:00 1:02
Jakob Silfverberg 1 2 3 1 0 5 0 0 2 0 1/2 17:27 3:53 0:00
Jesper Fast 0 0 0 0 0 1 2 0 0 0 0/0 14:11 0:00 1:26
Joel Edmundson 0 1 1 1 2 0 2 1 0 1 0/0 21:13 4:03 0:32
Michael Bunting 0 0 0 0 0 2 1 0 0 0 0/0 12:34 0:00 0:00
Mike Hoffman 1 0 1 0 0 1 1 0 0 0 3/5 7:19 0:00 0:00
Nick Paul 0 3 3 1 0 0 1 1 1 1 0/0 17:53 3:53 0:23
Oliver Bjorkstrand 0 0 0 0 0 5 0 0 0 0 0/2 20:24 3:59 1:51
Rem Pitlick 0 0 0 0 0 0 1 0 0 0 4/12 12:14 0:00 0:00
Ryan Hartman 0 0 0 0 0 2 2 1 0 0 11/22 20:28 3:59 2:03
Ryan Strome 2 1 3 1 2 5 4 1 1 0 9/16 17:56 3:53 0:22
Sonny Milano 0 0 0 0 0 0 1 0 0 0 0/0 7:39 0:00 0:00
Tanner Pearson 0 0 0 0 0 0 1 0 0 0 0/0 7:19 0:00 0:00
William Karlsson 1 0 1 0 0 1 2 1 0 0 2/4 20:28 3:59 2:03
3 Stars
1 - Ryan Strome (SJS)
2 - Jakob Silfverberg (SJS)
3 - Nick Paul (SJS)
Power Play
Anaheim Ducks - 1 on 3 Attempt(s) - 33.33%
San Jose Sharks - 2 on 5 Attempt(s) - 40.00%
Penalty Kill
Anaheim Ducks - 3 on 5 Attempt(s) - 60.00%
- Score 0 goal in Penalty Kill
San Jose Sharks - 2 on 3 Attempt(s) - 66.67%
- Score 0 goal in Penalty Kill
Team Stat
Anaheim Ducks - Hits : 13 - Faceoff Wins : 33 - Blocked Shots : 12 - Penalty Minutes : 10
San Jose Sharks - Hits : 24 - Faceoff Wins : 30 - Blocked Shots : 18 - Penalty Minutes : 6
Official
Referees : Kelly Sutherland and Dan O'Halloran
Linesman : Michel Cormier and Derek Nansen
Game Notes
Jacob Middleton is injured at 10:52 of 3rd period (Strained Left Knee)
Finance
Level 1 -- Attendance: 5389 (89.82%) -- Ticket Income $522,733
Level 2 -- Attendance: 5000 (100.00%) -- Ticket Income $285,000
Level 3 -- Attendance: 2880 (96.00%) -- Ticket Income $95,040
Level 4 -- Attendance: 4373 (87.46%) -- Ticket Income $96,206
Luxury Box -- Attendance: 1000 (100.00%) -- Ticket Income $193,000
Game was played at the SAP Center at San Jose.
Total Attendance: 18642 (93.21%)
Total Ticket Income: $1,191,979
Other Income: $417,193
Total Income: $1,609,172
Anaheim Ducks
5 vs 5 Forward
Center Left Wing Right Wing Time % Phy DF OF
1 Nazem Kadri Mark Scheifele William Nylander 37 1 2 2
2 John Tavares Brayden Schenn Teuvo Teravainen 33 1 2 2
3 Chandler Stephenson J.T. Compher Alex Killorn 25 1 2 2
4 Radek Faksa Calle Jarnkrok Mason Marchment 5 1 2 2
5 vs 5 Defense
Defense Defense Time % Phy DF OF
1 Ivan Provorov Josh Morrissey 40 1 2 2
2 Jakob Chychrun Esa Lindell 30 1 2 2
3 Brenden Dillon Josh Manson 20 1 2 2
4 Ivan Provorov Esa Lindell 10 1 2 2
PowerPlay Forward
Center Left Wing Right Wing Time % Phy DF OF
1 Nazem Kadri Mark Scheifele William Nylander 60 1 2 2
2 John Tavares Brayden Schenn Teuvo Teravainen 40 1 2 2
PowerPlay Defense
Defense Defense Time % Phy DF OF
1 Ivan Provorov Josh Morrissey 60 1 2 2
2 Esa Lindell Jakob Chychrun 40 1 2 2
Penalty Kill 4 Players Forward
Center Wing Time % Phy DF OF
1 Chandler Stephenson Alex Killorn 60 1 2 2
2 Radek Faksa J.T. Compher 40 1 2 2
Penalty Kill 4 Players Defense
Defense Defense Time % Phy DF OF
1 Ivan Provorov Esa Lindell 60 1 2 2
2 Josh Manson Jakob Chychrun 40 1 2 2
Penalty Kill - 3 Players Forward
Forward Time % Phy DF OF
1 Alex Killorn 60 1 2 2
2 Chandler Stephenson 40 1 2 2
Penalty Kill - 3 Players Defense
Defense Defense Time % Phy DF OF
1 Ivan Provorov Esa Lindell 60 1 2 2
2 Josh Manson Jakob Chychrun 40 1 2 2
4 vs 4 Forward
Center Wing Time % Phy DF OF
1 Nazem Kadri William Nylander 60 1 2 2
2 John Tavares Mark Scheifele 40 1 2 2
4 vs 4 Defense
Defense Defense Time % Phy DF OF
1 Esa Lindell Ivan Provorov 60 1 2 2
2 Brenden Dillon Jakob Chychrun 40 1 2 2
Last Minutes Offensive
Center Left Wing Right Wing Defense Defense
Nazem Kadri Mark Scheifele William Nylander Jakob Chychrun Josh Morrissey
Last Minutes Defensive
Center Left Wing Right Wing Defense Defense
Chandler Stephenson Alex Killorn Radek Faksa Ivan Provorov Esa Lindell
Goaltenders
Starting : Linus Ullmark
Backup : Jack Campbell
Extra Forwards
Normal : Nazem Kadri, William Nylander, Mark Scheifele - PP : William Nylander, Nazem Kadri - PK : Alex Killorn
Extra Defensemen
Normal : Ivan Provorov, Esa Lindell, Jakob Chychrun - PP : Josh Morrissey - PK : Ivan Provorov, Esa Lindell
Penalty Shots
Jakob Chychrun, Brenden Dillon, Mark Scheifele, John Tavares, Nazem Kadri
San Jose Sharks
5 vs 5 Forward
Center Left Wing Right Wing Time % Phy DF OF
1 Ryan Hartman William Karlsson Oliver Bjorkstrand 30 1 2 2
2 Ryan Strome Nick Paul Jakob Silfverberg 30 1 2 2
3 Rem Pitlick Michael Bunting Jesper Fast 25 1 2 2
4 Mike Hoffman Tanner Pearson Sonny Milano 15 1 2 2
5 vs 5 Defense
Defense Defense Time % Phy DF OF
1 David Savard Derek Forbort 35 1 2 2
2 Anthony DeAngelo Joel Edmundson 35 1 2 2
3 Henri Jokiharju Jacob Middleton 30 1 2 2
4 David Savard Derek Forbort 0 1 2 2
PowerPlay Forward
Center Left Wing Right Wing Time % Phy DF OF
1 Ryan Hartman William Karlsson Oliver Bjorkstrand 50 1 2 2
2 Ryan Strome Nick Paul Jakob Silfverberg 50 1 2 2
PowerPlay Defense
Defense Defense Time % Phy DF OF
1 David Savard Derek Forbort 50 1 2 2
2 Anthony DeAngelo Joel Edmundson 50 1 2 2
Penalty Kill 4 Players Forward
Center Wing Time % Phy DF OF
1 Ryan Hartman William Karlsson 50 1 2 2
2 Ryan Strome Oliver Bjorkstrand 50 1 2 2
Penalty Kill 4 Players Defense
Defense Defense Time % Phy DF OF
1 David Savard Derek Forbort 50 1 2 2
2 Anthony DeAngelo Joel Edmundson 50 1 2 2
Penalty Kill - 3 Players Forward
Forward Time % Phy DF OF
1 Ryan Hartman 50 1 2 2
2 William Karlsson 50 1 2 2
Penalty Kill - 3 Players Defense
Defense Defense Time % Phy DF OF
1 David Savard Derek Forbort 50 1 2 2
2 Anthony DeAngelo Joel Edmundson 50 1 2 2
4 vs 4 Forward
Center Wing Time % Phy DF OF
1 Ryan Hartman William Karlsson 50 1 2 2
2 Ryan Strome Oliver Bjorkstrand 50 1 2 2
4 vs 4 Defense
Defense Defense Time % Phy DF OF
1 David Savard Derek Forbort 50 1 2 2
2 Anthony DeAngelo Joel Edmundson 50 1 2 2
Last Minutes Offensive
Center Left Wing Right Wing Defense Defense
Ryan Hartman William Karlsson Oliver Bjorkstrand David Savard Derek Forbort
Last Minutes Defensive
Center Left Wing Right Wing Defense Defense
Ryan Hartman William Karlsson Oliver Bjorkstrand David Savard Derek Forbort
Goaltenders
Starting : Marc-Andre Fleury
Backup : Malcolm Subban
Extra Forwards
Normal : Sonny Milano, Michael Bunting, Jesper Fast - PP : Sonny Milano, Michael Bunting - PK : Jesper Fast
Extra Defensemen
Normal : Henri Jokiharju, Jacob Middleton, Anthony DeAngelo - PP : Henri Jokiharju - PK : Jacob Middleton, Anthony DeAngelo
Penalty Shots
Ryan Hartman, William Karlsson, Ryan Strome, Oliver Bjorkstrand, Jakob Silfverberg
% Time on Ice - Anaheim Ducks
Lines # - Real PCT - Wanted PCT - Time Play
Normal Forward
1 - 38% - 37% - 18:07
2 - 29% - 33% - 13:45
3 - 23% - 25% - 10:50
4 - 11% - 5% - 5:22
Normal Defense
1 - 42% - 40% - 20:10
2 - 32% - 30% - 15:10
3 - 20% - 20% - 9:32
4 - 7% - 10% - 3:12
PP Forward
1 - 37% - 60% - 1:31
2 - 63% - 40% - 2:33
PP Defense
1 - 64% - 60% - 2:36
2 - 36% - 40% - 1:28
PK Forward
1 - 78% - 60% - 6:07
2 - 22% - 40% - 1:45
PK Defense
1 - 54% - 60% - 4:16
2 - 46% - 40% - 3:36
PK3 Forward
1 - 0% - 60%
2 - 0% - 40%
PK3 Defense
1 - 0% - 60%
2 - 0% - 40%
44 Forward
1 - 0% - 60%
2 - 0% - 40%
44 Defense
1 - 0% - 60%
2 - 0% - 40%
Last Minute Offensive - 0:00
Last Minute Defensive - 0:00
Total
Forward - 60:00
Defense - 60:00
|
% Time on Ice - San Jose Sharks
Lines # - Real PCT - Wanted PCT - Time Play
Normal Forward
1 - 31% - 30% - 14:46
2 - 29% - 30% - 13:45
3 - 25% - 25% - 12:14
4 - 15% - 15% - 7:19
Normal Defense
1 - 36% - 35% - 17:24
2 - 35% - 35% - 16:55
3 - 29% - 30% - 13:45
4 - 0% - 0% - 0:00
PP Forward
1 - 51% - 50% - 3:59
2 - 49% - 50% - 3:53
PP Defense
1 - 49% - 50% - 3:49
2 - 51% - 50% - 4:03
PK Forward
1 - 50% - 50% - 2:03
2 - 50% - 50% - 2:01
PK Defense
1 - 43% - 50% - 1:45
2 - 57% - 50% - 2:19
PK3 Forward
1 - 0% - 50%
2 - 0% - 50%
PK3 Defense
1 - 0% - 50%
2 - 0% - 50%
44 Forward
1 - 0% - 50%
2 - 0% - 50%
44 Defense
1 - 0% - 50%
2 - 0% - 50%
Last Minute Offensive - 0:00
Last Minute Defensive - 0:00
Total
Forward - 60:00
Defense - 60:00
|
Play-by-Play
1st period
0:01 of 1st period - Nazem Kadri wins face-off versus William Karlsson in neutral zone.
0:04 of 1st period - Snap shot by Nazem Kadri.
0:04 of 1st period - Shot Blocked by David Savard.
0:15 of 1st period - Slapshot by David Savard.
0:15 of 1st period - Shot Misses the Net.
0:17 of 1st period - Snap shot by Ryan Hartman.
0:17 of 1st period - Stopped by Linus Ullmark with a rebound.
0:27 of 1st period - William Nylander is hit by David Savard and loses puck.
0:40 of 1st period - Esa Lindell is hit by Jesper Fast and loses puck.
0:49 of 1st period - Slapshot by Nazem Kadri.
0:49 of 1st period - Shot Misses the Net.
0:51 of 1st period - Slapshot by Jakob Chychrun.
0:51 of 1st period - Shot Blocked by Derek Forbort.
0:55 of 1st period - Slapshot by Mark Scheifele.
0:55 of 1st period - Shot Misses the Net.
0:57 of 1st period - Slapshot by Josh Manson.
0:57 of 1st period - Shot Blocked by Derek Forbort.
0:59 of 1st period - Snap shot by William Nylander.
0:59 of 1st period - Shot Blocked by David Savard.
1:01 of 1st period - Wrist shot by Nazem Kadri.
1:01 of 1st period - Shot Misses the Net.
1:03 of 1st period - Snap shot by Josh Manson.
1:03 of 1st period - Deflect By Mark Scheifele.
1:03 of 1st period - Stopped by Marc-Andre Fleury with a rebound.
1:11 of 1st period - Wrist shot by Nazem Kadri.
1:11 of 1st period - Shot Blocked by Nick Paul.
1:15 of 1st period - Slapshot by Nazem Kadri.
1:15 of 1st period - Shot Misses the Net.
1:17 of 1st period - Slapshot by Ivan Provorov.
1:17 of 1st period - Stopped by Marc-Andre Fleury with a rebound.
1:19 of 1st period - Slapshot by Ivan Provorov.
1:19 of 1st period - Stopped by Marc-Andre Fleury with a rebound.
2:33 of 1st period - Snap shot by Nazem Kadri.
2:33 of 1st period - Deflect By William Nylander.
2:33 of 1st period - Shot Blocked by Ryan Strome.
2:33 of 1st period - Puck is out of play.
2:34 of 1st period - Ryan Hartman wins face-off versus Teuvo Teravainen in San Jose Sharks zone.
2:34 of 1st period - Ryan Hartman is hit by Brayden Schenn.
2:51 of 1st period - Slapshot by Anthony DeAngelo.
2:51 of 1st period - Shot Blocked by Esa Lindell.
3:19 of 1st period - Minor Penalty to Joel Edmundson for Hooking.
3:20 of 1st period - Ryan Hartman wins face-off versus John Tavares in San Jose Sharks zone.
3:29 of 1st period - Wrist shot by William Karlsson.
3:29 of 1st period - Shot Blocked by Josh Morrissey.
4:03 of 1st period - J.T. Compher is hit by William Karlsson and loses puck.
5:12 of 1st period - Esa Lindell is hit by David Savard and loses puck.
5:19 of 1st period - Penalty to Joel Edmundson is over, Joel Edmundson is back on ice.
5:25 of 1st period - Mason Marchment is hit by Joel Edmundson.
5:40 of 1st period - Michael Bunting is hit by Alex Killorn and loses puck.
5:57 of 1st period - Mason Marchment is hit by Jacob Middleton and loses puck.
6:26 of 1st period - Brayden Schenn is hit by Michael Bunting and loses puck.
7:17 of 1st period - John Tavares is hit by Nick Paul.
7:27 of 1st period - Mason Marchment is hit by Jesper Fast and loses puck.
8:08 of 1st period - Brenden Dillon is hit by Ryan Hartman and loses puck.
8:36 of 1st period - Anthony DeAngelo is hit by John Tavares and loses puck.
9:00 of 1st period - Wrist shot by Mason Marchment.
9:00 of 1st period - Stopped by Marc-Andre Fleury with a rebound.
9:30 of 1st period - John Tavares is hit by Tanner Pearson and loses puck.
9:56 of 1st period - Off-side.
9:57 of 1st period - Nazem Kadri wins face-off versus Rem Pitlick in neutral zone.
10:00 of 1st period - Wrist shot by Nazem Kadri.
10:00 of 1st period - Shot Misses the Net.
10:02 of 1st period - Slapshot by Josh Morrissey.
10:02 of 1st period - Shot Blocked by Jacob Middleton.
10:04 of 1st period - Wrist shot by William Nylander.
10:04 of 1st period - Shot Blocked by Jacob Middleton.
10:06 of 1st period - Slapshot by Ivan Provorov.
10:06 of 1st period - Shot Blocked by Derek Forbort.
10:08 of 1st period - Snap shot by Ivan Provorov.
10:08 of 1st period - Stopped by Marc-Andre Fleury without a rebound.
10:09 of 1st period - John Tavares wins face-off versus William Karlsson in San Jose Sharks zone.
10:51 of 1st period - Minor Penalty to J.T. Compher for Hooking.
10:52 of 1st period - Chandler Stephenson wins face-off versus Ryan Hartman in Anaheim Ducks zone.
12:51 of 1st period - Penalty to J.T. Compher is over, J.T. Compher is back on ice.
13:14 of 1st period - Jesper Fast is hit by Radek Faksa and loses puck.
13:25 of 1st period - Nazem Kadri is hit by Sonny Milano and loses puck.
13:36 of 1st period - Snap shot by Mike Hoffman.
13:36 of 1st period - Goal by Mike Hoffman - Anaheim Ducks : 0 - San Jose Sharks : 1.
13:37 of 1st period - Ryan Hartman wins face-off versus John Tavares in neutral zone.
13:50 of 1st period - Wrist shot by John Tavares.
13:50 of 1st period - Stopped by Marc-Andre Fleury with a rebound.
13:52 of 1st period - Wrist shot by Ivan Provorov.
13:52 of 1st period - Shot Blocked by David Savard.
14:09 of 1st period - Wrist shot by Oliver Bjorkstrand.
14:09 of 1st period - Shot Blocked by Josh Morrissey.
14:34 of 1st period - Snap shot by Jakob Silfverberg.
14:34 of 1st period - Shot Blocked by Esa Lindell.
14:36 of 1st period - Slapshot by Nick Paul.
14:36 of 1st period - Deflect By Ryan Strome.
14:36 of 1st period - Goal by Ryan Strome - Anaheim Ducks : 0 - San Jose Sharks : 2.
14:37 of 1st period - Rem Pitlick wins face-off versus John Tavares in neutral zone.
14:40 of 1st period - Wrist shot by Michael Bunting.
14:40 of 1st period - Shot Blocked by Esa Lindell.
14:42 of 1st period - Backhand shot by Anthony DeAngelo.
14:42 of 1st period - Deflect By Jakob Chychrun.
14:42 of 1st period - Stopped by Linus Ullmark with a rebound.
14:44 of 1st period - Snap shot by Rem Pitlick.
14:44 of 1st period - Deflect By Michael Bunting.
14:44 of 1st period - Stopped by Linus Ullmark with a rebound.
14:46 of 1st period - Snap shot by Jesper Fast.
14:46 of 1st period - Stopped by Linus Ullmark with a rebound.
14:58 of 1st period - Minor Penalty to Teuvo Teravainen for Holding.
14:59 of 1st period - Ryan Strome wins face-off versus Chandler Stephenson in Anaheim Ducks zone.
15:00 of 1st period - Snap shot by Jakob Silfverberg.
15:00 of 1st period - Shot Misses the Net.
15:02 of 1st period - Snap shot by Anthony DeAngelo.
15:02 of 1st period - Stopped by Linus Ullmark with a rebound.
15:44 of 1st period - Jakob Silfverberg is hit by Esa Lindell and loses puck.
16:58 of 1st period - Penalty to Teuvo Teravainen is over, Teuvo Teravainen is back on ice.
17:07 of 1st period - Icing by Michael Bunting.
17:08 of 1st period - Nazem Kadri wins face-off versus Rem Pitlick in San Jose Sharks zone.
18:47 of 1st period - Snap shot by Nazem Kadri.
18:47 of 1st period - Stopped by Marc-Andre Fleury without a rebound.
18:48 of 1st period - John Tavares wins face-off versus Ryan Hartman in San Jose Sharks zone.
18:51 of 1st period - Wrist shot by John Tavares.
18:51 of 1st period - Shot Misses the Net.
19:15 of 1st period - Chandler Stephenson is hit by Ryan Strome and loses puck.
19:38 of 1st period - Slapshot by David Savard.
19:38 of 1st period - Stopped by Linus Ullmark with a rebound.
19:59 of 1st period - Oliver Bjorkstrand is hit by Brayden Schenn and loses puck.
Goals for this period are 0 for Anaheim Ducks vs 2 for San Jose Sharks.
Shots for this period are 7 for Anaheim Ducks vs 8 for San Jose Sharks.
2nd period
0:01 of 2nd period - Ryan Strome wins face-off versus John Tavares in neutral zone.
0:16 of 2nd period - Snap shot by Jakob Silfverberg.
0:16 of 2nd period - Stopped by Linus Ullmark with a rebound.
0:34 of 2nd period - Slapshot by Ryan Hartman.
0:34 of 2nd period - Stopped by Linus Ullmark without a rebound.
0:35 of 2nd period - Chandler Stephenson wins face-off versus Ryan Strome in Anaheim Ducks zone.
1:43 of 2nd period - Snap shot by Alex Killorn.
1:43 of 2nd period - Shot Misses the Net.
1:51 of 2nd period - Mike Hoffman is hit by Alex Killorn and loses puck.
2:13 of 2nd period - Snap shot by Mark Scheifele.
2:13 of 2nd period - Shot Misses the Net.
3:12 of 2nd period - Josh Morrissey is hit by Henri Jokiharju and loses puck.
3:31 of 2nd period - Snap shot by John Tavares.
3:31 of 2nd period - Stopped by Marc-Andre Fleury without a rebound.
3:32 of 2nd period - Ryan Hartman wins face-off versus John Tavares in San Jose Sharks zone.
3:57 of 2nd period - Joel Edmundson is hit by Mark Scheifele and loses puck.
4:10 of 2nd period - Slapshot by Nazem Kadri.
4:10 of 2nd period - Stopped by Marc-Andre Fleury without a rebound.
4:11 of 2nd period - John Tavares wins face-off versus Jakob Silfverberg in San Jose Sharks zone.
4:38 of 2nd period - Alex Killorn is hit by Jacob Middleton and loses puck.
4:54 of 2nd period - Icing by Ivan Provorov.
4:55 of 2nd period - Mike Hoffman wins face-off versus Nazem Kadri in Anaheim Ducks zone.
5:19 of 2nd period - Icing by Joel Edmundson.
5:20 of 2nd period - Mike Hoffman wins face-off versus John Tavares in San Jose Sharks zone.
5:25 of 2nd period - Jakob Silfverberg is hit by Josh Manson and loses puck.
5:50 of 2nd period - Oliver Bjorkstrand is hit by Alex Killorn and loses puck.
5:59 of 2nd period - Snap shot by Chandler Stephenson.
5:59 of 2nd period - Deflect By William Karlsson.
5:59 of 2nd period - Stopped by Marc-Andre Fleury with a rebound.
6:15 of 2nd period - Snap shot by Mason Marchment.
6:15 of 2nd period - Shot Blocked by William Karlsson.
6:17 of 2nd period - Wrist shot by Radek Faksa.
6:17 of 2nd period - Stopped by Marc-Andre Fleury without a rebound.
6:18 of 2nd period - Ryan Strome wins face-off versus Radek Faksa in San Jose Sharks zone.
6:34 of 2nd period - Calle Jarnkrok is hit by Ryan Strome and loses puck.
6:42 of 2nd period - Icing by Josh Morrissey.
6:43 of 2nd period - Rem Pitlick wins face-off versus Radek Faksa in Anaheim Ducks zone.
7:14 of 2nd period - Snap shot by Teuvo Teravainen.
7:14 of 2nd period - Deflect By John Tavares.
7:14 of 2nd period - Stopped by Marc-Andre Fleury with a rebound.
7:52 of 2nd period - Mark Scheifele is hit by Mike Hoffman and loses puck.
8:29 of 2nd period - Wrist shot by Alex Killorn.
8:29 of 2nd period - Stopped by Marc-Andre Fleury with a rebound.
8:31 of 2nd period - Slapshot by Alex Killorn.
8:31 of 2nd period - Stopped by Marc-Andre Fleury without a rebound.
8:32 of 2nd period - Ryan Strome wins face-off versus Alex Killorn in San Jose Sharks zone.
9:03 of 2nd period - Wrist shot by John Tavares.
9:03 of 2nd period - Stopped by Marc-Andre Fleury without a rebound.
9:04 of 2nd period - Ryan Hartman wins face-off versus John Tavares in San Jose Sharks zone.
9:19 of 2nd period - Wrist shot by Teuvo Teravainen.
9:19 of 2nd period - Stopped by Marc-Andre Fleury without a rebound.
9:20 of 2nd period - Nazem Kadri wins face-off versus Ryan Strome in San Jose Sharks zone.
9:57 of 2nd period - Slapshot by Oliver Bjorkstrand.
9:57 of 2nd period - Stopped by Linus Ullmark without a rebound.
9:58 of 2nd period - William Karlsson wins face-off versus Chandler Stephenson in Anaheim Ducks zone.
10:53 of 2nd period - Slapshot by Nazem Kadri.
10:53 of 2nd period - Stopped by Marc-Andre Fleury without a rebound.
10:54 of 2nd period - Nazem Kadri wins face-off versus Ryan Hartman in San Jose Sharks zone.
11:03 of 2nd period - Snap shot by William Nylander.
11:03 of 2nd period - Shot Blocked by Ryan Hartman.
11:05 of 2nd period - Snap shot by William Nylander.
11:05 of 2nd period - Stopped by Marc-Andre Fleury with a rebound.
11:07 of 2nd period - Wrist shot by Mark Scheifele.
11:07 of 2nd period - Stopped by Marc-Andre Fleury without a rebound.
11:08 of 2nd period - Ryan Strome wins face-off versus John Tavares in San Jose Sharks zone.
11:12 of 2nd period - Anthony DeAngelo is hit by Jakob Chychrun and loses puck.
13:29 of 2nd period - Slapshot by Anthony DeAngelo.
13:29 of 2nd period - Shot Blocked by Brenden Dillon.
13:31 of 2nd period - Snap shot by Ryan Strome.
13:31 of 2nd period - Stopped by Linus Ullmark without a rebound.
13:32 of 2nd period - John Tavares wins face-off versus Ryan Strome in Anaheim Ducks zone.
14:00 of 2nd period - Wrist shot by Jakob Silfverberg.
14:00 of 2nd period - Stopped by Linus Ullmark with a rebound.
14:02 of 2nd period - Backhand shot by David Savard.
14:02 of 2nd period - Shot Blocked by Brenden Dillon.
14:04 of 2nd period - Slapshot by Derek Forbort.
14:04 of 2nd period - Stopped by Linus Ullmark without a rebound.
14:05 of 2nd period - Nazem Kadri wins face-off versus Rem Pitlick in Anaheim Ducks zone.
14:18 of 2nd period - Snap shot by Michael Bunting.
14:18 of 2nd period - Stopped by Linus Ullmark without a rebound.
14:19 of 2nd period - John Tavares wins face-off versus Ryan Hartman in Anaheim Ducks zone.
15:21 of 2nd period - Minor Penalty to Alex Killorn for Boarding.
15:22 of 2nd period - Chandler Stephenson wins face-off versus Ryan Strome in Anaheim Ducks zone.
17:21 of 2nd period - Penalty to Alex Killorn is over, Alex Killorn is back on ice.
17:48 of 2nd period - Snap shot by John Tavares.
17:48 of 2nd period - Shot Blocked by Joel Edmundson.
18:17 of 2nd period - Snap shot by William Nylander.
18:17 of 2nd period - Stopped by Marc-Andre Fleury without a rebound.
18:18 of 2nd period - William Nylander wins face-off versus Ryan Strome in San Jose Sharks zone.
18:32 of 2nd period - Snap shot by Ryan Strome.
18:32 of 2nd period - Shot Hit the Post.
18:35 of 2nd period - Minor Penalty to Ryan Strome for Slashing.
18:36 of 2nd period - Nazem Kadri wins face-off versus Ryan Hartman in San Jose Sharks zone.
18:37 of 2nd period - Snap shot by Mark Scheifele.
18:37 of 2nd period - Deflect By William Nylander.
18:37 of 2nd period - Stopped by Marc-Andre Fleury without a rebound.
18:38 of 2nd period - Ryan Hartman wins face-off versus Nazem Kadri in San Jose Sharks zone.
18:38 of 2nd period - Ryan Hartman is hit by Josh Morrissey.
Goals for this period are 0 for Anaheim Ducks vs 0 for San Jose Sharks.
Shots for this period are 14 for Anaheim Ducks vs 7 for San Jose Sharks.
3rd period
0:01 of 3rd period - Nazem Kadri wins face-off versus Ryan Hartman in neutral zone.
0:34 of 3rd period - Snap shot by Brayden Schenn.
0:34 of 3rd period - Shot Blocked by Derek Forbort.
0:35 of 3rd period - Penalty to Ryan Strome is over, Ryan Strome is back on ice.
0:36 of 3rd period - Wrist shot by John Tavares.
0:36 of 3rd period - Shot Blocked by David Savard.
0:38 of 3rd period - Backhand shot by Ivan Provorov.
0:38 of 3rd period - Deflect By Teuvo Teravainen.
0:38 of 3rd period - Stopped by Marc-Andre Fleury with a rebound.
0:55 of 3rd period - Slapshot by Alex Killorn.
0:55 of 3rd period - Stopped by Marc-Andre Fleury with a rebound.
0:57 of 3rd period - Slapshot by Jakob Chychrun.
0:57 of 3rd period - Shot Misses the Net.
1:13 of 3rd period - Snap shot by Calle Jarnkrok.
1:13 of 3rd period - Goal by Calle Jarnkrok - Anaheim Ducks : 1 - San Jose Sharks : 2.
1:14 of 3rd period - John Tavares wins face-off versus Oliver Bjorkstrand in neutral zone.
2:00 of 3rd period - Snap shot by Mason Marchment.
2:00 of 3rd period - Deflect By Radek Faksa.
2:00 of 3rd period - Stopped by Marc-Andre Fleury with a rebound.
2:02 of 3rd period - Slapshot by Brenden Dillon.
2:02 of 3rd period - Shot Blocked by Henri Jokiharju.
2:14 of 3rd period - Snap shot by Michael Bunting.
2:14 of 3rd period - Shot Blocked by Radek Faksa.
3:10 of 3rd period - Wrist shot by Ryan Strome.
3:10 of 3rd period - Deflect By Jakob Silfverberg.
3:10 of 3rd period - Stopped by Linus Ullmark without a rebound.
3:11 of 3rd period - John Tavares wins face-off versus Ryan Hartman in Anaheim Ducks zone.
3:11 of 3rd period - John Tavares is hit by Joel Edmundson.
4:19 of 3rd period - Minor Penalty to Josh Morrissey for Roughing.
4:20 of 3rd period - Chandler Stephenson wins face-off versus Ryan Strome in Anaheim Ducks zone.
4:49 of 3rd period - Wrist shot by William Karlsson.
4:49 of 3rd period - Goal by William Karlsson - Anaheim Ducks : 1 - San Jose Sharks : 3.
4:50 of 3rd period - Ryan Hartman wins face-off versus Teuvo Teravainen in neutral zone.
4:53 of 3rd period - Snap shot by Oliver Bjorkstrand.
4:53 of 3rd period - Stopped by Linus Ullmark without a rebound.
4:54 of 3rd period - Ryan Hartman wins face-off versus John Tavares in Anaheim Ducks zone.
4:55 of 3rd period - Snap shot by Oliver Bjorkstrand.
4:55 of 3rd period - Stopped by Linus Ullmark with a rebound.
4:59 of 3rd period - Snap shot by Ryan Hartman.
4:59 of 3rd period - Shot Misses the Net.
5:01 of 3rd period - Slapshot by David Savard.
5:01 of 3rd period - Stopped by Linus Ullmark without a rebound.
5:02 of 3rd period - Ryan Hartman wins face-off versus John Tavares in Anaheim Ducks zone.
5:05 of 3rd period - Wrist shot by Oliver Bjorkstrand.
5:05 of 3rd period - Stopped by Linus Ullmark with a rebound.
5:07 of 3rd period - Wrist shot by Ryan Hartman.
5:07 of 3rd period - Shot Misses the Net.
5:50 of 3rd period - Off-side.
5:51 of 3rd period - Radek Faksa wins face-off versus Rem Pitlick in neutral zone.
5:56 of 3rd period - Slapshot by Jakob Chychrun.
5:56 of 3rd period - Shot Blocked by Jacob Middleton.
6:04 of 3rd period - Snap shot by Calle Jarnkrok.
6:04 of 3rd period - Shot Misses the Net.
6:06 of 3rd period - Snap shot by Radek Faksa.
6:06 of 3rd period - Stopped by Marc-Andre Fleury with a rebound.
6:26 of 3rd period - Snap shot by Nazem Kadri.
6:26 of 3rd period - Stopped by Marc-Andre Fleury without a rebound.
6:27 of 3rd period - John Tavares wins face-off versus Ryan Hartman in San Jose Sharks zone.
6:52 of 3rd period - William Nylander is hit by Ryan Strome and loses puck.
6:57 of 3rd period - Wrist shot by Ryan Strome.
6:57 of 3rd period - Stopped by Linus Ullmark with a rebound.
8:20 of 3rd period - Wrist shot by Ryan Strome.
8:20 of 3rd period - Deflect By Nick Paul.
8:20 of 3rd period - Shot Blocked by Mark Scheifele.
8:20 of 3rd period - Puck is out of play.
8:21 of 3rd period - Ryan Hartman wins face-off versus William Nylander in Anaheim Ducks zone.
8:41 of 3rd period - Wrist shot by Mark Scheifele.
8:41 of 3rd period - Stopped by Marc-Andre Fleury with a rebound.
9:23 of 3rd period - Wrist shot by Nazem Kadri.
9:23 of 3rd period - Shot Misses the Net.
9:38 of 3rd period - Snap shot by William Karlsson.
9:38 of 3rd period - Shot Misses the Net.
9:40 of 3rd period - Wrist shot by Oliver Bjorkstrand.
9:40 of 3rd period - Deflect By Ryan Hartman.
9:40 of 3rd period - Shot Misses the Net.
9:40 of 3rd period - Puck is out of play.
9:41 of 3rd period - John Tavares wins face-off versus Ryan Strome in Anaheim Ducks zone.
9:48 of 3rd period - Slapshot by Jakob Silfverberg.
9:48 of 3rd period - Shot Misses the Net.
10:05 of 3rd period - Icing by Joel Edmundson.
10:06 of 3rd period - Chandler Stephenson wins face-off versus Rem Pitlick in San Jose Sharks zone.
10:36 of 3rd period - Slapshot by Ryan Strome.
10:36 of 3rd period - Shot Misses the Net.
10:38 of 3rd period - Backhand shot by Nick Paul.
10:38 of 3rd period - Shot Misses the Net.
10:40 of 3rd period - Slapshot by Jacob Middleton.
10:40 of 3rd period - Shot Misses the Net.
10:52 of 3rd period - Snap shot by Mason Marchment.
10:52 of 3rd period - Deflect By Tanner Pearson.
10:52 of 3rd period - Shot Blocked by Jacob Middleton.
10:52 of 3rd period - Jacob Middleton from San Jose Sharks is injured at 10:52 of 3rd period (Strained Left Knee).
10:53 of 3rd period - Ryan Strome wins face-off versus John Tavares in San Jose Sharks zone.
11:15 of 3rd period - Icing by Anthony DeAngelo.
11:16 of 3rd period - Ryan Strome wins face-off versus Chandler Stephenson in San Jose Sharks zone.
11:16 of 3rd period - Ryan Strome is hit by Josh Manson.
11:22 of 3rd period - Chandler Stephenson is hit by William Karlsson and loses puck.
11:47 of 3rd period - Off-side.
11:48 of 3rd period - John Tavares wins face-off versus Rem Pitlick in neutral zone.
12:23 of 3rd period - Slapshot by Jakob Silfverberg.
12:23 of 3rd period - Stopped by Linus Ullmark without a rebound.
12:24 of 3rd period - John Tavares wins face-off versus Ryan Hartman in Anaheim Ducks zone.
13:42 of 3rd period - Icing by Nazem Kadri.
13:43 of 3rd period - Mike Hoffman wins face-off versus Nazem Kadri in Anaheim Ducks zone.
13:44 of 3rd period - Snap shot by Tanner Pearson.
13:44 of 3rd period - Shot Blocked by William Nylander.
13:53 of 3rd period - Minor Penalty to Anthony DeAngelo for Roughing.
13:54 of 3rd period - William Nylander wins face-off versus Ryan Hartman in San Jose Sharks zone.
13:59 of 3rd period - Snap shot by Nazem Kadri.
13:59 of 3rd period - Goal by Nazem Kadri - Anaheim Ducks : 2 - San Jose Sharks : 3.
14:00 of 3rd period - Ryan Strome wins face-off versus John Tavares in neutral zone.
14:05 of 3rd period - Icing by Brayden Schenn.
14:06 of 3rd period - Jakob Silfverberg wins face-off versus John Tavares in Anaheim Ducks zone.
14:19 of 3rd period - Backhand shot by John Tavares.
14:19 of 3rd period - Shot Misses the Net.
14:25 of 3rd period - Josh Morrissey is hit by David Savard and loses puck.
14:32 of 3rd period - Snap shot by Nick Paul.
14:32 of 3rd period - Shot Blocked by Ivan Provorov.
14:34 of 3rd period - Backhand shot by Nick Paul.
14:34 of 3rd period - Shot Misses the Net.
14:36 of 3rd period - Snap shot by Jakob Silfverberg.
14:36 of 3rd period - Goal by Jakob Silfverberg - Anaheim Ducks : 2 - San Jose Sharks : 4.
14:37 of 3rd period - Ryan Hartman wins face-off versus John Tavares in neutral zone.
14:48 of 3rd period - Wrist shot by Oliver Bjorkstrand.
14:48 of 3rd period - Stopped by Linus Ullmark without a rebound.
14:49 of 3rd period - John Tavares wins face-off versus Ryan Hartman in Anaheim Ducks zone.
15:38 of 3rd period - Off-side.
15:39 of 3rd period - Nazem Kadri wins face-off versus Mike Hoffman in neutral zone.
16:02 of 3rd period - Wrist shot by Nazem Kadri.
16:02 of 3rd period - Shot Misses the Net.
16:08 of 3rd period - Wrist shot by Mark Scheifele.
16:08 of 3rd period - Goal by Mark Scheifele - Anaheim Ducks : 3 - San Jose Sharks : 4.
16:09 of 3rd period - Rem Pitlick wins face-off versus Chandler Stephenson in neutral zone.
16:24 of 3rd period - Snap shot by Jesper Fast.
16:24 of 3rd period - Deflect By Rem Pitlick.
16:24 of 3rd period - Shot Misses the Net.
16:24 of 3rd period - Puck is out of play.
16:25 of 3rd period - Nazem Kadri wins face-off versus Mike Hoffman in Anaheim Ducks zone.
16:27 of 3rd period - Minor Penalty to Nazem Kadri for Hooking.
16:28 of 3rd period - Ryan Strome wins face-off versus Chandler Stephenson in Anaheim Ducks zone.
16:40 of 3rd period - Slapshot by David Savard.
16:40 of 3rd period - Stopped by Linus Ullmark without a rebound.
16:41 of 3rd period - William Karlsson wins face-off versus Chandler Stephenson in Anaheim Ducks zone.
17:16 of 3rd period - Wrist shot by Ryan Strome.
17:16 of 3rd period - Stopped by Linus Ullmark without a rebound.
17:17 of 3rd period - Chandler Stephenson wins face-off versus Oliver Bjorkstrand in Anaheim Ducks zone.
17:17 of 3rd period - Chandler Stephenson is hit by Ryan Hartman.
17:31 of 3rd period - Snap shot by William Karlsson.
17:31 of 3rd period - Shot Blocked by Jakob Chychrun.
17:43 of 3rd period - J.T. Compher is hit by Ryan Strome and loses puck.
17:52 of 3rd period - Slapshot by Ryan Strome.
17:52 of 3rd period - Goal by Ryan Strome - Anaheim Ducks : 3 - San Jose Sharks : 5.
17:53 of 3rd period - Rem Pitlick wins face-off versus Chandler Stephenson in neutral zone.
18:02 of 3rd period - Wrist shot by Michael Bunting.
18:02 of 3rd period - Deflect By Jesper Fast.
18:02 of 3rd period - Shot Misses the Net.
18:02 of 3rd period - Puck is out of play.
18:03 of 3rd period - Chandler Stephenson wins face-off versus Rem Pitlick in Anaheim Ducks zone.
18:03 of 3rd period - Chandler Stephenson is hit by Rem Pitlick.
18:11 of 3rd period - Wrist shot by Josh Morrissey.
18:11 of 3rd period - Stopped by Marc-Andre Fleury with a rebound.
18:13 of 3rd period - Slapshot by Josh Morrissey.
18:13 of 3rd period - Shot Misses the Net.
18:15 of 3rd period - Slapshot by Chandler Stephenson.
18:15 of 3rd period - Stopped by Marc-Andre Fleury without a rebound.
18:16 of 3rd period - Chandler Stephenson wins face-off versus Rem Pitlick in San Jose Sharks zone.
19:22 of 3rd period - Slapshot by Alex Killorn.
19:22 of 3rd period - Shot Misses the Net.
19:24 of 3rd period - Backhand shot by Brayden Schenn.
19:24 of 3rd period - Shot Misses the Net.
Goals for this period are 3 for Anaheim Ducks vs 3 for San Jose Sharks.
Shots for this period are 11 for Anaheim Ducks vs 13 for San Jose Sharks.
Back to the Top